 Dungeon Crawl Stone Soup version 0.26-a0-455-g0958c023ba (webtiles) character file.

Game seed: 4175290777824898441

1030 Goblin1989 the Cutter (level 8, -8/48 HPs)
             Began as a Kobold Gladiator on July 29, 2020.
             Was an Initiate of Gozag.
             Mangled by an orc warrior
             ... wielding a +0 battleaxe
              (23 damage)
             ... on level 5 of the Dungeon.
             The game lasted 00:12:57 (6895 turns).

Goblin1989 the Cutter (Kobold Gladiator)            Turns: 6895, Time: 00:12:57

Health: -8/48      AC: 12    Str: 12    XL:     8   Next: 47%
Magic:  8/8        EV: 10    Int:  9    God:    Gozag
Gold:   953        SH:  0    Dex: 18    Spells: 7/7 levels left

rFire    . . .     SeeInvis .   a - +0 dagger (elec)
rCold    . . .     Faith    .   (shield restricted)
rNeg     . . .     Spirit   .   O - +0 chain mail
rPois    .         Reflect  .   c - +1 helmet
rElec    .         Harm     .   (no cloak)
rCorr    .                      D - +0 pair of gloves
MR       .....                  (no boots)
Stlth    +.........             (no amulet)
HPRegen  0.16/turn              (no ring)
MPRegen  0.11/turn              (no ring)

@: no status effects
A: small, nightstalker 3
a: Potion Petition, Call Merchant, Bribe Branch, Renounce Religion


You were on level 5 of the Dungeon.
You worshipped Gozag.
Gozag was pleased with you.
You visited 1 branch of the dungeon, and saw 6 of its levels.
You also visited: Sewer.

You collected 986 gold pieces.
You paid 33 gold pieces to Gozag.

Inventory:

Hand Weapons
 a - a +0 dagger of electrocution (weapon)
 b - a +0 rapier
Missiles
 G - 34 poisoned darts (quivered)
 I - 8 atropa-tipped darts
 U - 23 boomerangs
 V - 8 boomerangs of dispersal
 Z - 2 throwing nets {!d , @Q1}
Armour
 c - a +1 helmet (worn)
 D - a +0 pair of gloves (worn)
 O - a +0 chain mail (worn)
Wands
 B - a wand of iceblast (8) {@v4}
 K - a wand of polymorph (9)
Scrolls
 E - a scroll of fear
 L - a scroll of fog {unknown}
 Q - 4 scrolls of blinking {unknown}
 R - a scroll of identify {@r1}
 T - 6 scrolls of teleportation {!r, @r2}
 Y - a scroll of remove curse {unknown}
Potions
 C - a potion of brilliance
 J - 2 potions of stabbing
 M - a potion of magic
 N - 4 potions of might
 P - a potion of flight
 S - a potion of berserk rage
 W - 4 potions of heal wounds {@q2}
 X - 3 potions of curing {@q1}


   Skills:
 + Level 4.4 Fighting
 * Level 6.3 Short Blades
   Level 2.9 Staves
 + Level 3.6 Throwing
 + Level 2.7 Armour
 + Level 5.8 Dodging
 + Level 4.7 Stealth


You had 7 spell levels left.
You didn't know any spells.
Your spell library contained the following spells:

 Spells                   Type           Power        Failure   Level
 Animate Skeleton         Necr           #.....       100%        1
 Magic Dart               Conj           #...         100%        1
 Pain                     Necr           #...         100%        1
 Blink                    Tloc           N/A          100%        2
 Call Imp                 Summ           #.......     100%        2
 Slow                     Hex            #.......     100%        2
 Conjure Flame            Conj/Fire      #.......     100%        3
 Mephitic Cloud           Conj/Pois/Air  #.......     100%        3
 Vampiric Draining        Necr           #.........   100%        3
 Animate Dead             Necr           #.........   100%        4
 Agony                    Necr           #.......     100%        5


Dungeon Overview and Level Annotations

Branches:
Dungeon (6/15)             Temple (0/1) D:4           Sewer (visited)

Altars:
Cheibriados
Gozag
Kikubaaqudgha
Qazlal
Ru
Trog
Yredelemnul


Innate Abilities, Weirdness & Mutations

You are small and have problems with some larger weapons.
You are completely attuned to the shadows.


Message History

You now have 943 gold pieces (gained 4).
L - a scroll labeled KEROPT LEIV
There is a stone staircase leading up here.
You see here a hunting sling.
Found 30 arrows.
You now have 953 gold pieces (gained 10).
An orc warrior comes into view. It is wielding a +0 battleaxe.
The orc warrior shouts!
An orc wizard comes into view. It is wielding a +0 dagger.
The orc wizard shouts!
You hear a shout!
The orc warrior closely misses you.
An orc priest comes into view. It is wielding a +0 falchion.
You closely miss the orc warrior.
The orc warrior hits you but does no damage.
You barely miss the orc warrior.
The orc wizard casts a spell.
The orc wizard flickers and vanishes!
Deactivating autopickup; reactivate with Ctrl-A.
You hit the orc warrior but do no damage.
The orc warrior hits you with a +0 battleaxe!
The orc priest begins to cast a cantrip, but forgets the words!
You take 13 damage, and have 35/48 hp.
MASSIVE DAMAGE!!
You barely miss the orc warrior.
Found a forked gold wand.
You see here a wand of polymorph (9).
K - a wand of polymorph (9)
The orc warrior closely misses you.
Something tries to affect you, but you resist.
Quiver which item? (- for none, * to show all) (? for menu, Esc to quit)
Quivering
G - 41 poisoned darts for throwing.
Throwing (i - inventory. (/) - cycle)
G - 41 poisoned darts (quivered)
Press: ? - help, Shift-Dir - straight line, f - orc warrior
Aim: an orc warrior, wielding a +0 battleaxe and wearing a +0 plate armour You throw a poisoned dart.
The poisoned dart hits the orc warrior!
The orc warrior is poisoned.
The orc warrior hits you with a +0 battleaxe!
You take 8 damage, and have 32/48 hp.
Throwing (i - inventory. (/) - cycle)
G - 40 poisoned darts (quivered)
Press: ? - help, Shift-Dir - straight line, f/p - orc warrior
Aim: an orc warrior, wielding a +0 battleaxe and wearing a +0 plate armour (moderately wounded, poisoned)
You throw a poisoned dart. The poisoned dart hits the orc warrior.
The orc warrior looks even sicker.
The orc warrior is moderately wounded.
Throwing (i - inventory. (/) - cycle)
G - 39 poisoned darts (quivered)
Press: ? - help, Shift-Dir - straight line, f - orc wizard, p - orc warrior
Aim: an orc wizard, wielding a +0 dagger and wearing a +0 robe You throw a poisoned dart.
The poisoned dart hits the orc warrior!
The orc warrior looks as sick as possible!
The orc warrior is moderately wounded.
The orc warrior completely misses you.
Throwing (i - inventory. (/) - cycle)
G - 38 poisoned darts (quivered)
Press: ? - help, Shift-Dir - straight line, f - orc priest, p - orc wizard
Aim: an orc priest, wielding a +0 falchion You throw a poisoned dart.
The poisoned dart hits the orc warrior.
The orc warrior looks as sick as possible!
The orc warrior is heavily wounded.
The orc priest invokes the aid of Beogh against you.
Beogh smites you!
You take 11 damage, and have 23/48 hp.
MASSIVE DAMAGE!!
The orc warrior barely misses you.
The orc wizard casts a spell.
The orc wizard flickers and vanishes!
Throwing (i - inventory. (/) - cycle)
G - 37 poisoned darts (quivered)
Press: ? - help, Shift-Dir - straight line, f/p - orc priest
Aim: an orc priest, wielding a +0 falchion You throw a poisoned dart.
The poisoned dart hits the orc priest.
The orc priest is poisoned.
The orc warrior closely misses you.
You hit the orc warrior but do no damage.
The orc warrior is severely wounded.
You barely miss the orc warrior.
The orc warrior is severely wounded.
The orc warrior hits you with a +0 battleaxe!
* * * LOW HITPOINT WARNING * * *
You take 11 damage, and have 13/48 hp.
MASSIVE DAMAGE!!
The orc priest looks more healthy.
You hear some strange, mumbled words.
A puff of flame appears from out of thin air!
The puff of flame hits you but does no damage.
The orc priest calls upon Beogh to heal the orc warrior.
The orc warrior is healed somewhat.
A magic dart appears from out of thin air!
The magic dart hits you but does no damage.
There is a stone staircase leading up here.
You climb upwards.
Reactivating autopickup.
There is a stone staircase leading down here.
Unknown command.
Throwing (i - inventory. (/) - cycle)
G - 36 poisoned darts (quivered)
Press: ? - help, Shift-Dir - straight line, f - orc warrior
Aim: an orc warrior, wielding a +0 battleaxe and wearing a +0 plate armour (almost dead, very poisoned)
You throw a poisoned dart.
The poisoned dart barely misses the orc warrior.
Throwing (i - inventory. (/) - cycle)
G - 35 poisoned darts (quivered)
Press: ? - help, Shift-Dir - straight line, f/p - orc warrior
Aim: an orc warrior, wielding a +0 battleaxe and wearing a +0 plate armour (almost dead, very poisoned)
You throw a poisoned dart.
The poisoned dart closely misses the orc warrior.
The orc warrior hits you with a +0 battleaxe!!
You die...
Your body crumbles into a pile of gold.

█...................
██.█.██.███......█.██
█..█........██.█.....
█..█.██.█......█.█.██
█..█.██.█..███.█.█...
█████..█.██..<.....█.█.██
█......█.███...█████.....
█.███................█...
█∆██████@███...█████.█.█.
██≈≈≈≈≈█o...████ █████.█.
█≈....█.████..███..██.█.
█≈....█.█████.██.██.█.█.
█≈....█>.█⌂.██.██.██....
██████∆..███.██.██.█████
█......█ █...█...█
█......█


█████████ █......█ You could see an orc warrior (very poisoned).

Vanquished Creatures
  An orc warrior (D:6)
  A phantom (D:6)
  2 bullfrogs (D:2)
  2 scorpions (D:5)
  A howler monkey (D:3)
  A jelly (D:5)
  A hound (D:4)
  6 orc wizards
  3 orc priests
  An iguana (D:6)
  A worker ant (D:4)
  A howler monkey skeleton (D:5)
  6 adders
  4 river rats
  An ufetubus (D:5)
  An adder zombie (D:5)
  2 worms
  5 dart slugs
  5 leopard geckos
  16 orcs
  4 ball pythons
  4 giant cockroaches
  9 goblins
  7 hobgoblins
  3 quokkas
  5 bats
  18 frilled lizards
  2 gnoll zombies (D:3)
  3 kobolds
  15 rats
131 creatures vanquished.

Notes
Turn   | Place    | Note
-------+----------+-------------------------------------------
     0 | D:1      | Goblin1989 the Kobold Gladiator began the quest for the
                  | Orb.
     0 | D:1      | Reached XP level 1. HP: 12/12 MP: 1/1
   263 | D:1      | Reached XP level 2. HP: 18/18 MP: 2/2
   363 | D:1      | DEFE: электронож
   364 | D:1      | DEFE: и чейн мейл
   689 | D:2      | Noticed a bullfrog
   759 | D:2      | Reached skill level 1 in Short Blades
   759 | D:2      | Reached XP level 3. HP: 22/22 MP: 3/3
   875 | D:2      | Killed a bullfrog
   875 | D:2      | Reached skill level 2 in Short Blades
   875 | D:2      | Reached skill level 1 in Armour
   875 | D:2      | Reached skill level 1 in Stealth
   875 | D:2      | Reached XP level 4. HP: 20/27 MP: 4/4
  1124 | D:2      | Reached XP level 5. HP: 32/32 MP: 5/5
  1149 | D:2      | Noticed a bullfrog
  1158 | D:2      | Killed a bullfrog
  1158 | D:2      | Reached skill level 3 in Short Blades
  1397 | D:2      | Goblin1989: лол
  1397 | D:2      | Goblin1989: я чет забыл что с лягушками шутить нельзя
  1397 | D:2      | Goblin1989: элек это зло
  1725 | D:2      | Found an opulent altar of Gozag.
  1738 | D:2      | Reached XP level 6. HP: 37/37 MP: 6/6
  1742 | D:2      | Became a worshipper of Gozag Ym Sagoz the Greedy
  1850 | D:2      | Found a faded altar of an unknown god.
  2439 | D:3      | Found a bloodstained altar of Trog.
  2499 | D:3      | Reached skill level 4 in Short Blades
  3312 | D:3      | Found a basalt altar of Yredelemnul.
  3560 | D:4      | Found a staircase to the Ecumenical Temple.
  3580 | D:4      | Reached XP level 7. HP: 36/41 MP: 7/7
  3605 | D:4      | Reached skill level 5 in Dodging
  3902 | D:4      | Found an ancient bone altar of Kikubaaqudgha.
  3902 | D:4      | Found a sacrificial altar of Ru.
  4336 | D:5      | Entered Level 5 of the Dungeon
  4548 | D:5      | Reached skill level 5 in Short Blades
  5215 | D:5      | Found a stormy altar of Qazlal.
  5271 | D:5      | Found a snail-covered altar of Cheibriados.
  5491 | D:6      | Reached XP level 8. HP: 46/48 MP: 8/8
  5535 | D:6      | Found a glowing drain.
  5570 | Sewer    | Entered a sewer
  6001 | Sewer    | Reached skill level 6 in Short Blades
  6895 | D:5      | Mangled by an orc warrior

Illustrated notes

Levels and vault maps discovered:
D:1:      elethiomel_arrival_maze, layout_loops_ring, hex_large
D:2:      layout_rooms, overflow_temple_1_default,
          chequers_ecumenical_altar_lobes, chequers_serial_rivers_small_b
D:3:      minmay_wonky_spiral, layout_loops_ring, bloody_trog,
          lemuel_zombie_altar_yredelemnul, minmay_misc_feat_square
D:4:      layout_rooms, gammafunk_temple_overflow_statue,
          minmay_temple_entry_offerings, nrook_mini_backslash, kennysheep_boxes
D:5:      layout_basic, lemuel_coloured_pillars_altar, marbit_many_paths,
          chequers_serial_rivers_room_a
D:6:      layout_rooms, serial_glass, glass_columns_b, glass_columns_a,
          portal_sewer_entry_c

Skill      XL: |  1  2  3  4  5  6  7  8 |
---------------+-------------------------+-----
Short Blades   | 1 2 3 4 5 6 |  6.3
Dodging        | 4 5 |  5.8
Armour         | 1 2 |  2.7
Stealth        | 1 2 3 4 |  4.7
Fighting       | 3 4 |  4.4
Throwing       | 3 |  3.6
Staves         | |  2.9

Action                   |  1- 3 |  4- 6 |  7- 9 || total
-------------------------+-------+-------+-------++-------
Melee: Quarterstaff      |    12 |       |       ||    12
       Dagger            |    38 |   192 |   274 ||   504
Throw: Dart              |       |     3 |     7 ||    10
       Throwing net      |       |     1 |       ||     1
Invok: Potion Petition   |       |       |     1 ||     1
  Use: Potion            |       |     1 |     1 ||     2
       Scroll            |       |       |    16 ||    16
 Stab: Sleeping          |     6 |       |       ||     6
       Distracted        |       |     1 |     2 ||     3
       Invisible         |       |     1 |       ||     1
       Held in net/web   |       |     1 |       ||     1
Armor: Chain mail        |    20 |    84 |   124 ||   228
       Leather armour    |     1 |       |       ||     1
Dodge: Dodged            |    17 |    66 |   120 ||   203

Table legend: (Time is in decaauts)
 A = Elapsed time spent in this place.
 B = Non-inter-level travel time spent in this place.
 C = Inter-level travel time spent in this place.
 D = Time resting spent in this place.
 E = Time spent auto-exploring this place.
 F = Levels seen in this place.
 G = Mean time per level.
                   A        B        C        D        E       F      G
               +--------+--------+--------+--------+--------+-----+--------+
         Total |   6876 |   6657 |    219 |    850 |   4772 |   7 |  982.3 |
       Dungeon |   6175 |   5956 |    219 |    609 |   4441 |   6 | 1029.2 |
         Sewer |    700 |    700 |      0 |    240 |    331 |   1 |  700.0 |
               +--------+--------+--------+--------+--------+-----+--------+

Top non-repeatable levels by time:
     D:3: 1522 daAuts
     D:2: 1177 daAuts
     D:5: 1117 daAuts
     D:4: 903 daAuts
     D:6: 739 daAuts
     D:1: 713 daAuts
   Sewer: 700 daAuts
